ORI
UNIVERSITY OF NEBRASKA CORNHUSKERS @ CALIFORNIA STATE UNIVERSITY AT FULLERTON TITANS
11/13/2048
 
TOP OF THE 1ST
University of Maine Black Bears batting - Pitching for University of Florida Gators : RHP Marc Miles
Pitching: RHP Marc Miles
Batting: RHB Wang Huan 0-0: Ground out 6-3 (Groundball, 6, EV 87.5 MPH)
Batting: LHB Carlos Rivera 0-0: Ball
1-0: Foul Ball, location: 2F
1-1: Ball
2-1: Foul Ball, location: 2F
2-2: Foul Ball, location: 2F
2-2: Foul Ball, location: 2F
2-2: Foul Ball, location: 2F
2-2: Strikes out swinging
Batting: RHB Rewa Havika 0-0: Called Strike
0-1: Swinging Strike
0-2: Strikes out swinging
Top of the 1st over - 0 runs, 0 hits, 0 errors, 0 left on base; University of Maine 0 - University of Florida 0
BOTTOM OF THE 1ST
University of Florida Gators batting - Pitching for University of Maine Black Bears : RHP Noah Johnson
Pitching: RHP Noah Johnson
Batting: SHB Nelson Carachure 0-0: Ball
1-0: Foul Ball, location: 2F
1-1: Foul Ball, location: 2F
1-2: Ball
2-2: Ball
3-2: Strikes out looking
Batting: SHB Pat Justice 0-0: Foul Ball, location: 2F
0-1: Foul Ball, location: 2F
0-2: Ball
1-2: Ball
2-2: SINGLE (Groundball, 6MD, EV 98.1 MPH)
Batting: RHB Marco Morales 0-0: Called Strike
0-1: Ball
1-1: Foul Ball, location: 2F
1-2: Ball
2-2: Strikes out swinging
Batting: RHB Luis Cabera 0-0: Called Strike
0-1: Ball
1-1: SINGLE (Flyball, 8LS, EV 83.8 MPH)
Pat Justice to second
Runner from 2nd tries for 3rd, OUT! 8-5
Bottom of the 1st over - 0 runs, 2 hits, 0 errors, 1 left on base; University of Maine 0 - University of Florida 0
TOP OF THE 2ND
University of Maine Black Bears batting - Pitching for University of Florida Gators : RHP Marc Miles
Batting: RHB Jay Mellon 0-0: Foul Ball, location: 2F
0-1: Called Strike
0-2: Ball
1-2: Strikes out swinging
Batting: RHB Geoffrey Gonzalez 0-0: Swinging Strike
0-1: Ball
1-1: Ground out 6-3 (Groundball, 6, EV 90.6 MPH)
Batting: LHB Dave Aguilar 0-0: Ball
1-0: Called Strike
1-1: Called Strike
1-2: Foul Ball, location: 2F
1-2: Strikes out looking
Top of the 2nd over - 0 runs, 0 hits, 0 errors, 0 left on base; University of Maine 0 - University of Florida 0
BOTTOM OF THE 2ND
University of Florida Gators batting - Pitching for University of Maine Black Bears : RHP Noah Johnson
Batting: RHB Lião Weishampt 0-0: Ball
1-0: Foul Ball, location: 2F
1-1: Ground out 4-3 (Groundball, 4M, EV 76.9 MPH)
Batting: RHB Gong-sun Law 0-0: Ball
1-0: Ball
2-0: Foul Ball, location: 2F
2-1: Ground out 6-3 (Groundball, 56, EV 84.4 MPH)
Batting: RHB Ben Bailey 0-0: Called Strike
0-1: Ball
1-1: SINGLE (Groundball, 34D, EV 101.2 MPH)
Batting: RHB Robert Mason 0-0: Swinging Strike
0-1: Ball
1-1: Foul Ball, location: 2F
1-2: Strikes out swinging
Bottom of the 2nd over - 0 runs, 1 hit, 0 errors, 1 left on base; University of Maine 0 - University of Florida 0
TOP OF THE 3RD
University of Maine Black Bears batting - Pitching for University of Florida Gators : RHP Marc Miles
Batting: RHB Geoffrey Potter 0-0: SINGLE (Groundball, 25, EV 68.8 MPH) (infield hit)
Batting: RHB Dave MacAulay 0-0: Called Strike
0-1: SINGLE (Groundball, 34D, EV 105.0 MPH)
Geoffrey Potter to second
Runner from 2nd tries for 3rd, OUT! 9-5
Dave MacAulay to second
Batting: SHB Mario Barajas 0-0: Foul Ball, location: 2F
0-1: Ball
1-1: Ball
2-1: Called Strike
2-2: Strikes out swinging
Batting: RHB Wang Huan 0-0: Called Strike
0-1: Called Strike
0-2: Ball
1-2: Fly out, F3 (Line Drive, 3, EV 65.6 MPH)
Top of the 3rd over - 0 runs, 2 hits, 0 errors, 1 left on base; University of Maine 0 - University of Florida 0
BOTTOM OF THE 3RD
University of Florida Gators batting - Pitching for University of Maine Black Bears : RHP Noah Johnson
Batting: RHB Angelo Rentas 0-0: Ball
1-0: Ground out U3 (Groundball, 34, EV 101.9 MPH)
Batting: SHB Nelson Carachure 0-0: Ball
1-0: Swinging Strike
1-1: Foul Ball, location: 2F
1-2: Ball
2-2: Foul Ball, location: 2F
2-2: Strikes out swinging, 2-3 out at first.
Batting: SHB Pat Justice 0-0: Ball
1-0: Called Strike
1-1: Ball
2-1: Foul Ball, location: 2F
2-2: Fly out, F8 (Flyball, 8LD, EV 101.9 MPH)
Bottom of the 3rd over - 0 runs, 0 hits, 0 errors, 0 left on base; University of Maine 0 - University of Florida 0
TOP OF THE 4TH
University of Maine Black Bears batting - Pitching for University of Florida Gators : RHP Marc Miles
Batting: LHB Carlos Rivera 0-0: Ball
1-0: Ground out 5-3 (Groundball, 56, EV 86.9 MPH)
Batting: RHB Rewa Havika 0-0: Ball
1-0: Ball
2-0: Swinging Strike
2-1: Foul Ball, location: 2F
2-2: Foul Ball, location: 2F
2-2: Ball
3-2: SINGLE (Groundball, 6MD, EV 110.6 MPH)
Batting: RHB Jay Mellon 0-0: Ball
1-0: Ball
2-0: Swinging Strike
2-1: Ball
3-1: Swinging Strike
3-2: Foul Ball, location: 2F
3-2: Foul Ball, location: 2F
3-2: Foul Ball, location: 2F
3-2: Strikes out swinging
Batting: RHB Geoffrey Gonzalez 0-0: Called Strike
0-1: Ball
1-1: Ground out 1-3 (Groundball, 13, EV 75.0 MPH)
Top of the 4th over - 0 runs, 1 hit, 0 errors, 1 left on base; University of Maine 0 - University of Florida 0
BOTTOM OF THE 4TH
University of Florida Gators batting - Pitching for University of Maine Black Bears : RHP Noah Johnson
Batting: RHB Marco Morales 0-0: Ground out 6-3 (Groundball, 56, EV 83.1 MPH)
Batting: RHB Luis Cabera 0-0: Ball
1-0: Called Strike
1-1: Foul Ball, location: 2F
1-2: Ball
2-2: Ground out 6-3 (Groundball, 6, EV 78.8 MPH)
Batting: RHB Lião Weishampt 0-0: Ball
1-0: Called Strike
1-1: Ball
2-1: Ball
3-1: Base on Balls
Batting: RHB Gong-sun Law 0-0: Ball
1-0: Swinging Strike
1-1: Ball
2-1: Ball
3-1: Foul Ball, location: 2F
3-2: Strikes out swinging
Bottom of the 4th over - 0 runs, 0 hits, 0 errors, 1 left on base; University of Maine 0 - University of Florida 0
TOP OF THE 5TH
University of Maine Black Bears batting - Pitching for University of Florida Gators : RHP Marc Miles
Batting: LHB Dave Aguilar 0-0: Foul Ball, location: 2F
0-1: Called Strike
0-2: Ball
1-2: Ball
2-2: Strikes out looking
Batting: RHB Geoffrey Potter 0-0: Ball
1-0: Ball
2-0: Foul Ball, location: 2F
2-1: Ball
3-1: Called Strike
3-2: Foul Ball, location: 2F
3-2: Foul Ball, location: 2F
3-2: Foul Ball, location: 2F
3-2: Strikes out swinging
Batting: RHB Dave MacAulay 0-0: Ball
1-0: Foul Ball, location: 2F
1-1: Ball
2-1: Ball
3-1: Foul Ball, location: 2F
3-2: Strikes out swinging
Top of the 5th over - 0 runs, 0 hits, 0 errors, 0 left on base; University of Maine 0 - University of Florida 0
BOTTOM OF THE 5TH
University of Florida Gators batting - Pitching for University of Maine Black Bears : RHP Noah Johnson
Batting: RHB Ben Bailey 0-0: Ball
1-0: Called Strike
1-1: Swinging Strike
1-2: Fly out, F8 (Flyball, 89D, EV 102.5 MPH)
Batting: RHB Robert Mason 0-0: Called Strike
0-1: Foul Ball, location: 3F, Error on foul ball, E3
0-2: Ball
1-2: Strikes out looking
Batting: RHB Angelo Rentas 0-0: Called Strike
0-1: SINGLE (Flyball, 89M, EV 88.1 MPH)
Batting: SHB Nelson Carachure 0-0: Ball
1-0: Ball
2-0: Swinging Strike
2-1: Fly out, F7 (Flyball, 78S, EV 91.2 MPH)
Bottom of the 5th over - 0 runs, 1 hit, 1 error, 1 left on base; University of Maine 0 - University of Florida 0
TOP OF THE 6TH
University of Maine Black Bears batting - Pitching for University of Florida Gators : RHP Marc Miles
Pitching: LHP Juan Portillo
Batting: SHB Mario Barajas 0-0: Ground out 6-3 (Groundball, 6, EV 90.6 MPH)
Batting: RHB Wang Huan 0-0: Called Strike
0-1: SINGLE (Groundball, 6D, EV 94.4 MPH)
Batting: LHB Carlos Rivera 0-0: Ball
1-0: Called Strike
1-1: Ball
Wild Pitch!
Wang Huan to second
2-1: Swinging Strike
2-2: Foul Ball, location: 2F
2-2: Strikes out swinging
Batting: RHB Rewa Havika 0-0: Called Strike
0-1: Ball
1-1: Foul Ball, location: 2F
1-2: Foul Ball, location: 2F
1-2: Ground out 6-3 (Groundball, 6, EV 84.4 MPH)
Top of the 6th over - 0 runs, 1 hit, 0 errors, 1 left on base; University of Maine 0 - University of Florida 0
BOTTOM OF THE 6TH
University of Florida Gators batting - Pitching for University of Maine Black Bears : RHP Noah Johnson
Pitching: RHP Jorge Gutierrez
Batting: SHB Pat Justice 0-0: Ball
1-0: Ball
2-0: Ground out U3 (Groundball, 3S, EV 67.5 MPH)
Batting: RHB Marco Morales 0-0: Ball
1-0: Ball
2-0: Foul Ball, location: 2F
2-1: SINGLE (Groundball, 6MD, EV 94.4 MPH)
Batting: RHB Luis Cabera 0-0: Ball
1-0: Called Strike
1-1: Ball
2-1: Fielders Choice at 2nd, 6-4 (Groundball, 6, EV 86.9 MPH)
Batting: RHB Lião Weishampt 0-0: Ball
1-0: Fielders Choice at 2nd, U6 (Groundball, 6M, EV 84.4 MPH)
Bottom of the 6th over - 0 runs, 1 hit, 0 errors, 1 left on base; University of Maine 0 - University of Florida 0
TOP OF THE 7TH
University of Maine Black Bears batting - Pitching for University of Florida Gators : LHP Juan Portillo
Batting: RHB Jay Mellon 0-0: Foul Ball, location: 2F
0-1: Called Strike
0-2: Foul Ball, location: 2F
0-2: Foul Ball, location: 2F
0-2: Strikes out swinging
Batting: RHB Geoffrey Gonzalez 0-0: Called Strike
0-1: Fly out, F8 (Flyball, 8RD, EV 85.6 MPH)
Batting: RHB Justin Degon 0-0: Called Strike
0-1: Ball
1-1: Swinging Strike
1-2: SINGLE (Line Drive, 56, EV 96.9 MPH)
Batting: RHB Geoffrey Potter 0-0: Called Strike
Justin Degon is caught stealing 2nd base 2-4
Top of the 7th over - 0 runs, 1 hit, 0 errors, 0 left on base; University of Maine 0 - University of Florida 0
BOTTOM OF THE 7TH
University of Florida Gators batting - Pitching for University of Maine Black Bears : RHP Jorge Gutierrez
Batting: RHB Gong-sun Law 0-0: Ball
1-0: Called Strike
1-1: SINGLE (Groundball, 6MD, EV 103.8 MPH)
Batting: RHB Ben Bailey 0-0: Called Strike
0-1: Bunt missed!
0-2: Ball
1-2: Ground out 5-3 (Groundball, 56S, EV 89.4 MPH)
Gong-sun Law to second
Pinch Hitting: RHB Danny Cisneros 0-0: Foul Ball, location: 2F
0-1: Ball
1-1: Ball
2-1: Called Strike
2-2: Strikes out looking
Pinch Hitting: LHB Dave Newsome 0-0: Intentional Walk
Pitching: RHP Tom Neft
Pinch Hitting: RHB Elliott Pye 0-0: Ball
1-0: Foul Ball, location: 2F
1-1: Foul Ball, location: 2F
1-2: Ball
2-2: Foul Ball, location: 2F
2-2: Fielders Choice at 2nd, 6-4 (Groundball, 56, EV 76.9 MPH)
Bottom of the 7th over - 0 runs, 1 hit, 0 errors, 2 left on base; University of Maine 0 - University of Florida 0
TOP OF THE 8TH
University of Maine Black Bears batting - Pitching for University of Florida Gators : LHP Juan Portillo
Now at C: Nathan Clement
Now at 3B: Juan Lopez
Now at SS: Gong-sun Law
Now in CF: Keith Kamerling
Pinch Hitting: RHB Frank Gould 0-0: Ball
1-0: Ball
2-0: Ball
3-0: Called Strike
3-1: Foul Ball, location: 2F
3-2: Foul Ball, location: 2F
3-2: SINGLE (Line Drive, 9LM, EV 93.1 MPH)
Batting: RHB Dave MacAulay 0-0: Sac Bunt to 2L - play at first, batter safe!
Frank Gould to second
Pinch Hitting: RHB Mark Cozens 0-0: Bunted foul
0-1: Bunted foul
0-2: Foul Ball, location: 2F
0-2: Fly out, F7 (Line Drive, 7, EV 105.0 MPH)
Pitching: RHP Carlos Figueroa
Pinch Hitting: LHB John Bergeron 0-0: Ball
1-0: Ball
2-0: Foul Ball, location: 2F
2-1: Foul Ball, location: 2F
2-2: Ball
3-2: Grounds into double play, 4-6-3 (Groundball, 4, EV 97.5 MPH)
Top of the 8th over - 0 runs, 2 hits, 0 errors, 1 left on base; University of Maine 0 - University of Florida 0
BOTTOM OF THE 8TH
University of Florida Gators batting - Pitching for University of Maine Black Bears : RHP Tom Neft
Now at C: Julio Villanueva
Now at 1B: Osmo Leino
Now in CF: Kevin Baker
Batting: SHB Pat Justice 0-0: Ball
1-0: Fly out, F8 (Line Drive, 8LM, EV 88.1 MPH)
Batting: RHB Marco Morales 0-0: Ball
1-0: SINGLE (Groundball, 56D, EV 103.1 MPH)
Batting: SHB Michael Medina 0-0: Ball
1-0: Ball
2-0: Fielders Choice at 2nd, 5-4 (Groundball, 5, EV 108.1 MPH)
Pinch Hitting: LHB Juan Moreno 0-0: Called Strike
0-1: Swinging Strike
0-2: Ball
1-2: Ground out 6-3 (Groundball, 6, EV 109.4 MPH)
Bottom of the 8th over - 0 runs, 1 hit, 0 errors, 1 left on base; University of Maine 0 - University of Florida 0
TOP OF THE 9TH
University of Maine Black Bears batting - Pitching for University of Florida Gators : RHP Carlos Figueroa
Now in LF: Keith Kamerling
Now in CF: Terry Bayer
Pinch Hitting: LHB John Knox 0-0: Ball
1-0: Swinging Strike
1-1: Ball
2-1: Foul Ball, location: 2F
2-2: Foul Ball, location: 2F
2-2: Ball
3-2: Foul Ball, location: 2F
3-2: Ground out 4-3 (Groundball, 4, EV 82.5 MPH)
Batting: RHB Rewa Havika 0-0: Ball
1-0: Ball
2-0: Ground out 1-3 (Groundball, 13S, EV 76.2 MPH)
Pinch Hitting: LHB Ed Leighton 0-0: Called Strike
0-1: Ball
1-1: SINGLE (Groundball, 4MD, EV 95.0 MPH)
Pinch Hitting: RHB Bryan Douglas 0-0: Called Strike
0-1: Ball
1-1: Ball
2-1: Foul Ball, location: 2F
2-2: Ball
3-2: Foul Ball, location: 2F
3-2: Ground out 6-3 (Groundball, 6, EV 105.6 MPH)
Top of the 9th over - 0 runs, 1 hit, 0 errors, 1 left on base; University of Maine 0 - University of Florida 0
BOTTOM OF THE 9TH
University of Florida Gators batting - Pitching for University of Maine Black Bears : RHP Tom Neft
Pitching: RHP Daniel Graves
Now at SS: Travis Whitby
Now in LF: Scott Snyder
Now in RF: John Knox
Batting: RHB Gong-sun Law 0-0: Swinging Strike
0-1: Foul Ball, location: 2F
0-2: Ball
1-2: Foul Ball, location: 2F
1-2: Strikes out swinging
Pinch Hitting: RHB Cyril Theophanous 0-0: Called Strike
0-1: Ball
1-1: Foul Ball, location: 2F
1-2: Ball
2-2: DOUBLE (Flyball, 9D, EV 96.9 MPH)
Batting: RHB Juan Lopez 0-0: Intentional Walk
Pinch Hitting: RHB Manny Harrison 0-0: Ball
1-0: Called Strike
1-1: Foul Ball, location: 2F
1-2: Ground out 5-3 (Groundball, 5S, EV 78.1 MPH)
Cyril Theophanous to third
Juan Lopez to second
Pinch Hitting: RHB C.J. Clifford 0-0: Called Strike
0-1: Ball
1-1: Ground out 5-3 (Groundball, 56S, EV 77.5 MPH)
Bottom of the 9th over - 0 runs, 1 hit, 0 errors, 2 left on base; University of Maine 0 - University of Florida 0
TOP OF THE 10TH
University of Maine Black Bears batting - Pitching for University of Florida Gators : RHP Carlos Figueroa
Pitching: RHP Vespasiano Galvanoni
Now at C: Sumio Takahashi
Now at 1B: Paul Martel
Now in LF: Terry Bayer
Now in CF: Juan Cadavid
Batting: RHB Justin Degon 0-0: Ground out 4-3 (Groundball, 4, EV 100.6 MPH)
Batting: RHB Kevin Baker 0-0: Swinging Strike
0-1: Ball
1-1: Ground out 5-3 (Groundball, 56S, EV 80.0 MPH)
Pinch Hitting: LHB Steve Thomas 0-0: Foul Ball, location: 2F
0-1: Foul Ball, location: 2F
0-2: Foul Ball, location: 2F
0-2: Ball
1-2: SOLO HOME RUN (Flyball, 9LD, EV 94.4 MPH), Distance : 347 ft
Pinch Hitting: RHB Pita Arnurna 0-0: Ball
1-0: Foul Ball, location: 2F
1-1: Ball
2-1: Foul Ball, location: 2F
2-2: Strikes out looking
Top of the 10th over - 1 run, 1 hit, 0 errors, 0 left on base; University of Maine 1 - University of Florida 0
BOTTOM OF THE 10TH
University of Florida Gators batting - Pitching for University of Maine Black Bears : RHP Daniel Graves
Now at C: Ron Handford
Now at 2B: Steve Thomas
Batting: SHB Pat Justice 0-0: Ball
1-0: Ball
2-0: Ball
3-0: Swinging Strike
3-1: Foul Ball, location: 2F
3-2: Base on Balls
Batting: RHB Marco Morales 0-0: Ball
1-0: SINGLE (Line Drive, 56, EV 97.5 MPH)
Pat Justice to second
Batting: SHB Michael Medina 0-0: Ball
1-0: Fielders Choice at 2nd, 6-4 (Groundball, 6, EV 83.1 MPH)
Pat Justice to third
Pinch Hitting: RHB Vince Trussell 0-0: Called Strike
0-1: Foul Ball, location: 2F
0-2: Strikes out swinging
Pinch Hitting: LHB Jose Garcia 0-0: Swinging Strike
0-1: Called Strike
0-2: 3-RUN HOME RUN (Flyball, 89XD, EV 108.8 MPH), Distance : 411 ft
Bottom of the 10th over - 3 runs, 2 hits, 0 errors, 0 left on base; University of Maine 1 - University of Florida 3
Tuesday, March 28th , 2023 - OOTP Baseball 23.10 Build 110